 Dungeon Crawl Stone Soup version 0.30.0-5-g1a98f26d00 (webtiles) character file.

Game seed: 11618392740510198762

15305 sheffield53 the Severer (level 12, -17/160 HPs)
             Began as a Minotaur Berserker on May 5, 2023.
             Was an Elder of Trog.
             Demolished by a minotaur
             ... wielding the +10 zealot's sword {holy, Zealotry, *Rage rN+ EV+3}
              (38 damage)
             ... in a Gauntlet on May 8, 2023.
             The game lasted 02:35:41 (14119 turns).

sheffield53 the Severer (Minotaur Berserker)       Turns: 14119, Time: 02:35:42

Health: -17/160    AC: 21    Str: 24 (27) XL:     12   Next: 0%
Magic:  0/8        EV:  7    Int: -1 (0)  God:    Trog [****..]
Gold:   758        SH: 10    Dex:  8      Spells: 11/11 levels left

rFire   . . .        O - +3 war axe (protect)
rCold   . . .        h - +0 kite shield
rNeg    . . .        q - +1 plate armour
rPois   +            y - +1 hat of the Archfiend {+Inv}
rElec   .            x - +0 cloak
rCorr   .            (no gloves)
SInv    .            Q - +0 pair of boots
Will    ++...        C - amulet of guardian spirit Stlth
                     r - +4 ring of slaying
HPRegen 1.46/turn    N - ring of poison resistance
MPRegen 0.11/turn

%: no teleportation, guardian spirit
@: berserking, strong-willed, under a protective aura, regenerating, slowed,
lost intelligence, unable to read, unable to drink
A: horns 2, retaliatory headbutt, clumsy 1, [deformed body], [deterioration 2],
[dopey 2], [low MP 2], [inability to drink after injury 2], [inability to read
after injury 2]
a: Renounce Religion, Evoke Invisibility, Berserk, Trog's Hand, Brothers in Arms


You were in a Gauntlet.
You worshipped Trog.
Trog was greatly pleased with you.
You visited 2 branches of the dungeon, and saw 13 of its levels.
You also visited: Gauntlet.

You collected 758 gold pieces.

Inventory:

Hand Weapons
 a - a +1 hand axe of freezing
 e - a +0 sling
 j - a +1 flail of venom
 s - a +1 flail of draining
 O - a +3 war axe of protection (weapon)
Missiles
 b - 7 poisoned darts
 m - 42 stones (quivered)
 D - 6 javelins
Armour
 h - a +0 kite shield (worn)
 q - a +1 plate armour (worn)
 t - a +2 hat of see invisible
 x - a +0 cloak (worn)
 y - the +1 hat of the Archfiend (worn) {+Inv}
   (You found it in a Gauntlet)

   +Inv:      It lets you turn invisible.
 Q - a +0 pair of boots (worn)
Jewellery
 g - a +6 ring of dexterity
 r - a +4 ring of slaying (left hand)
 v - an amulet of faith
 A - a ring of magical power
 C - an amulet of guardian spirit (around neck)
 H - a ring of flight
 J - an amulet of magic regeneration
 N - a ring of poison resistance (right hand)
Wands
 f - a wand of flame (33)
 z - a wand of iceblast (22)
 B - a wand of paralysis (20)
 I - a wand of digging (6)
Scrolls
 o - 3 scrolls of silence
 F - 3 scrolls of teleportation
 L - a scroll of fog
 R - a scroll of blinking
Potions
 c - 4 potions of might
 d - 3 potions of ambrosia
 i - 3 potions of magic
 k - 2 potions of heal wounds
 l - 2 potions of haste
 n - 2 potions of flight
 p - 4 potions of curing
 u - a potion of resistance {unknown}
 w - 3 potions of invisibility
 E - a potion of berserk rage
 K - a potion of attraction
 P - 2 potions of cancellation


   Skills:
 - Level 10.5 Fighting
 + Level 15.4 Axes
 - Level 10.1 Armour
 - Level 2.2 Dodging
 + Level 11.3 Shields


You had 11 spell levels left.
You didn't know any spells.
Your spell library was empty.

Dungeon Overview and Level Annotations

Branches:
Dungeon (12/15)            Temple (1/1) D:6            Lair (0/5) D:9
Gauntlet (1/1)
    Orc: D:9-12

Altars:
Ashenzari
Cheibriados
Dithmenos
Elyvilon
Fedhas
Gozag
Hepliaklqana
Kikubaaqudgha
Makhleb
Nemelex Xobeh
Okawaru
Qazlal
Ru
Sif Muna
Trog
Uskayaw
Vehumet
Wu Jian
Xom
Yredelemnul
Zin
The Shining One

Shops:
D:6 (   D:7 !   D:11 *

Annotations:
D:11 3 runed translucent doors, HobsGoblin's ghost, journeyman TrEE; Valagong's ghost, novice MiFi; dangerrune1's ghost, journeyman GrEE Gauntlet 8 transporters


Innate Abilities, Weirdness & Mutations

You have a pair of horns on your head.
You reflexively headbutt those who attack you in melee.
You are clumsy. (Dex -2)
[Armour fits poorly on your strangely shaped body.]
[Your body often deteriorates upon taking damage.]
[You are very dopey. (Int -4)]
[Your magical capacity is very low. (-20% MP)]
[You sometimes lose the ability to drink potions when taking damage.]
[You sometimes lose the ability to read scrolls when taking damage.]


Message History

Done waiting.
y - the +1 hat of the Archfiend {+Inv} You start removing your armour.
You continue taking off your +2 hat of see invisible. x4
You finish taking off your +2 hat of see invisible.
You feel less perceptive.
You start putting on your armour.
You continue putting on the +1 hat of the Archfiend {+Inv}. x5
You finish putting on the +1 hat of the Archfiend {+Inv}.
There is a transporter here.
You enter the transporter and appear at another place.
You open the door.
A minotaur comes into view.
It is wielding the +10 zealot's sword {holy, Zealotry, *Rage rN+ EV+3}.
The minotaur bellows!
Found a runed morningstar.
Found a gate leading back out of this place.
Your skin crawls.
You feel strong-willed.
The minotaur goes berserk!
You block the minotaur's attack.
The minotaur gores you but does no damage.
A red film seems to cover your vision as you go berserk!
You feel yourself moving faster!
You feel mighty!
The minotaur hits you with the +10 zealot's sword {holy, Zealotry, *Rage rN+ EV+3}!!
Your body deteriorates!
You feel weakened. You block the minotaur's attack.
The minotaur hits you with the +10 zealot's sword {holy, Zealotry, *Rage rN+ EV+3}!!!
Your body deteriorates!
You feel weakened.
The minotaur gores you but does no damage.
The minotaur hits you with the +10 zealot's sword {holy, Zealotry, *Rage rN+ EV+3}!!!
You feel threatened and lose the ability to read scrolls!
You feel threatened and lose the ability to drink potions!
The minotaur gores you.
You slash the minotaur!
Your weapon exudes an aura of protection.
The minotaur is lightly wounded.
The minotaur hits you with the +10 zealot's sword {holy, Zealotry, *Rage rN+ EV+3}!!
* * * LOW HITPOINT WARNING * * *
The minotaur closely misses you.
The minotaur hits you with the +10 zealot's sword {holy, Zealotry, *Rage rN+ EV+3}!!!
You die...

###### ###.##.#
#.....###
#.##.##∩#
##.##.##.#
#......#.# .
###.##.#.# .#
###.##@#'###.##
#......H.......
#.##.##.##.##.#
#.##.##.##.##.##
#...............
##.##.##.##.##.#
#.##.##.##.##.#
#.............#
##...©.©.©...##


You could see a minotaur (berserk).

Vanquished Creatures
  Josephine (D:11)
  2 two-headed ogres
  Amaemon (D:9)
  A wretched star (Gauntlet)
  An orc knight (D:11)
  A manticore (D:11)
  Maggie (D:7)
  A komodo dragon (D:11)
  An orange demon (D:9)
  A kobold demonologist (D:12)
  An unseen horror (D:11)
  Prince Ribbit (D:7)
  3 trolls
  2 raiju (Gauntlet)
  Sigmund (D:4)
  A wyvern (D:9)
  4 wraiths (D:11)
  14 yaks
  Eustachio (D:5)
  2 basilisks
  2 steam dragons
  4 vampire mosquitoes
  Edmund (D:5)
  2 water moccasins
  7 orc warriors
  2 sky beasts
  2 black bears
  An ogre (D:5)
  3 centaurs
  5 phantoms
  2 kobold brigands
  3 bullfrogs
  A gnoll sergeant (D:11)
  5 wights (D:7)
  13 killer bees
  9 howler monkeys
  3 hounds
  A jelly (D:4)
  10 orc priests
  A gnoll bouda (D:7)
  3 iguanas
  4 sleepcaps
  10 orc wizards
  Ijyb (D:4)
  A lightning spire (Gauntlet)
  Robin (D:3)
  8 gnolls
  5 adders
  3 white imps
  2 ufetubi
  3 dart slugs
  49 orcs
  3 bats
  6 endoplasms
  2 giant cockroaches
  17 goblins
  11 hobgoblins
  2 jackals (D:1)
  11 kobolds
  2 quokkas (D:2)
  5 ball pythons
  6 frilled lizards
  6 rats
279 creatures vanquished.

Vanquished Creatures (collateral kills)
  A neqoxec (Gauntlet)
1 creature vanquished.

Grand Total: 280 creatures vanquished

Notes
Turn   | Place    | Note
-------+----------+-------------------------------------------
     0 | D:1      | sheffield53 the Minotaur Berserker began the quest for the
                  | Orb.
     0 | D:1      | Reached XP level 1. HP: 19/19 MP: 0/0
    11 | D:1      | Upgraded the game from 0.30-b1-7-gcb88a99046 to
                  | 0.30.0-5-g1a98f26d00
    72 | D:1      | Reached skill level 4 in Axes
   173 | D:1      | Reached XP level 2. HP: 27/27 MP: 1/1
   280 | D:1      | Found a faded altar of an unknown god.
   554 | D:1      | Reached ** piety under Trog
   899 | D:2      | Reached skill level 5 in Axes
  1016 | D:2      | Reached XP level 3. HP: 33/33 MP: 2/2
  1950 | D:3      | Reached XP level 4. HP: 40/40 MP: 3/3
  1961 | D:3      | Found a shimmering blue altar of Sif Muna.
  1971 | D:3      | Found a glowing silver altar of Zin.
  2119 | D:3      | Reached skill level 6 in Axes
  2121 | D:3      | Noticed Robin
  2133 | D:3      | Killed Robin
  2644 | D:4      | Noticed a phantom
  2659 | D:4      | Killed a phantom
  2660 | D:4      | Reached skill level 7 in Axes
  2660 | D:4      | Reached XP level 5. HP: 45/46 MP: 4/4
  2685 | D:4      | Reached *** piety under Trog
  2732 | D:4      | Noticed Ijyb
  2742 | D:4      | Killed Ijyb
  2847 | D:4      | Reached skill level 8 in Axes
  2965 | D:4      | Noticed Sigmund
  2980 | D:4      | Killed Sigmund
  2981 | D:4      | Reached skill level 9 in Axes
  2981 | D:4      | Reached XP level 6. HP: 52/52 MP: 5/5
  3041 | D:4      | Identified the +10 quarterstaff of Ycayth {pain, rPois rC++
                  | Int-4 Stlth+}
  3391 | D:5      | Entered Level 5 of the Dungeon
  3483 | D:5      | Reached XP level 7. HP: 58/58 MP: 6/6
  3497 | D:5      | Reached skill level 10 in Axes
  3500 | D:5      | Noticed Edmund
  3507 | D:5      | Killed Edmund
  3902 | D:5      | Noticed a +0 short sword
  3934 | D:5      | Found a hide-covered altar of Uskayaw.
  3935 | D:5      | Noticed a +0 spear
  3937 | D:5      | Noticed a +0 falchion
  3937 | D:5      | Noticed a +0 dagger
  3937 | D:5      | Noticed a +0 spear
  3938 | D:5      | Noticed a +0 falchion
  3938 | D:5      | Noticed a +0 dagger
  3939 | D:5      | Noticed a +0 short sword
  4008 | D:5      | Reached skill level 11 in Axes
  4146 | D:5      | Noticed Eustachio
  4171 | D:5      | Killed Eustachio
  4172 | D:5      | Reached XP level 8. HP: 66/66 MP: 7/7
  4419 | D:5      | Reached skill level 12 in Axes
  4992 | D:6      | Found a staircase to the Ecumenical Temple.
  5380 | D:6      | Found Raaxei's Weapon Emporium.
  5593 | Temple   | Entered the Ecumenical Temple
  6057 | D:7      | Reached skill level 13 in Axes
  6218 | D:7      | Noticed Maggie
  6229 | D:7      | Killed Maggie
  6230 | D:7      | Reached skill level 14 in Axes
  6230 | D:7      | Reached XP level 9. HP: 71/72 MP: 8/8
  6242 | D:7      | Noticed Prince Ribbit
  6312 | D:7      | Killed Prince Ribbit
  6313 | D:7      | Reached skill level 5 in Fighting
  6710 | D:7      | Reached skill level 5 in Armour
  7406 | D:7      | Found Gumy's Distillery.
  8083 | D:8      | Found a shadowy altar of Dithmenos.
  8312 | D:7      | Reached XP level 10. HP: 84/89 MP: 9/9
  9090 | D:9      | Reached **** piety under Trog
  9156 | D:9      | Found a staircase to the Lair.
  9441 | D:9      | Reached skill level 10 in Fighting
  9493 | D:9      | Noticed a two-headed ogre
  9501 | D:9      | Killed a two-headed ogre
  9502 | D:9      | Reached skill level 10 in Armour
  9673 | D:9      | Reached skill level 1 in Shields
  9788 | D:9      | Noticed Amaemon
  9789 | D:9      | Noticed an orange demon
  9801 | D:9      | Killed Amaemon
  9805 | D:9      | Killed an orange demon
 10305 | D:10     | Entered Level 10 of the Dungeon
 10353 | D:10     | Reached skill level 5 in Shields
 10490 | D:10     | Reached XP level 11. HP: 101/101 MP: 10/10
 11646 | D:11     | Noticed an orc knight
 11663 | D:11     | Killed an orc knight
 12352 | D:11     | Found Qomm's Assorted Antiques.
 12365 | D:11     | Found a runed translucent gate.
 12368 | D:11     | Found a runed translucent gate.
 12370 | D:11     | Found a runed translucent gate.
 12374 | D:11     | Noticed HobsGoblin's ghost (journeyman TrEE)
 12374 | D:11     | Noticed Valagong's ghost (novice MiFi)
 12374 | D:11     | Noticed dangerrune1's ghost (journeyman GrEE)
 12483 | D:11     | Noticed Josephine
 12496 | D:11     | Killed Josephine
 12497 | D:11     | Reached skill level 10 in Shields
 12641 | D:11     | Noticed a two-headed ogre
 12652 | D:11     | Killed a two-headed ogre
 12653 | D:11     | Reached skill level 15 in Axes
 13134 | D:12     | Found a gate leading to a gauntlet.
 13140 | D:12     | Reached ***** piety under Trog
 13148 | Gauntlet | Entered a Gauntlet
 13148 | Gauntlet | Found a transporter.
 13150 | Gauntlet | Noticed a thrashing horror
 13156 | Gauntlet | Noticed a thrashing horror
 13158 | Gauntlet | Found a transporter.
 13170 | Gauntlet | Found a transporter.
 13174 | Gauntlet | Found a transporter.
 13184 | Gauntlet | Noticed a wretched star
 13189 | Gauntlet | Found a transporter.
 13204 | Gauntlet | Found a transporter.
 13313 | Gauntlet | Noticed a death yak
 13313 | Gauntlet | Noticed a death yak
 13313 | Gauntlet | Noticed a death yak
 13313 | Gauntlet | Noticed a death yak
 13314 | Gauntlet | Noticed a death yak
 13314 | Gauntlet | Noticed a death yak
 13317 | Gauntlet | Found a transporter.
 13337 | Gauntlet | Found a transporter.
 13341 | Gauntlet | Found a transporter.
 13342 | Gauntlet | Noticed a wretched star
 13353 | Gauntlet | Found a transporter.
 13376 | Gauntlet | Found a transporter.
 13378 | Gauntlet | Found a transporter.
 13772 | Gauntlet | Lost intelligence.
 13787 | Gauntlet | HP: 4/101 [wretched star/lance of force (19)]
 13788 | Gauntlet | Killed a wretched star
 13790 | Gauntlet | Gained mutation: You are clumsy. (Dex -2) [a neqoxec]
 13793 | Gauntlet | Reached XP level 12. HP: 7/107 MP: 2/8
 13804 | Gauntlet | Identified the +1 hat of the Archfiend {+Inv}
 14115 | Gauntlet | Noticed a minotaur
 14119 | Gauntlet | Demolished by a minotaur

Illustrated notes

Levels and vault maps discovered:
D:1:      dpeg_arrival_long_road, layout_basic,
          hellmonk_ecumenical_altar_blasted
D:2:      minmay_inner_zag, layout_basic
D:3:      layout_rooms, chequers_temple_overflow_statue_of_worship, uniq_robin
D:4:      layout_basic, uniq_ijyb, uniq_sigmund
D:5:      layout_basic, nicolae_uskayaw_en_pointe, grunt_ministairs_2,
          uniq_eustachio, uniq_edmund
D:6:      layout_basic, minmay_temple_entry_statues_fountains, serial_shops,
          nicolae_shop_advertising_works [nicolae_subvault_shop_adworks]
D:7:      layout_layer_cave, serial_shops, nicolae_lakefront_shop, st_stairs_9,
          kennysheep_crisscross, uniq_prince_ribbit1, uniq_maggie
D:8:      layout_cave_pools, nicolae_dithmenos_through_a_glass_darkly
D:9:      layout_basic, david_lair_generic, serial_glass, glass_columns_c,
          glass_columns_c, minmay_strange_pillars, due_unseen_surprise,
          item_on_display_a, minmay_misc_feat_roman, minivault_5, minivault_25,
          uniq_amaemon
D:10:     layout_loops_corners, minmay_orc_keep
D:11:     layout_basic, special_room [special_room_orc],
          gammafunk_ghost_cemetery, serial_shops, nicolae_shop_waterfront,
          uniq_josephine
D:12:     minmay_glassy_protrusions, layout_loops_ring, orc_0_dummy,
          gauntlet_entry_generic, nrook_campfire
Temple:   mainiacjoe_temple_coin_purse
Gauntlet: minmay_gauntlet_mixed_oops_all_seconds
          [minmay_gauntlet_arena_77_terracotta_army,
          nicolae_gauntlet_arena_blocks, minmay_gauntlet_arena_77_p_blocks,
          gammafunk_gauntlet_arena_chambers, minmay_gauntlet_arena_77_checkered,
          gammafunk_gauntlet_arena_grid, gauntlet_exit_green]

Skill      XL: |  1  2  3  4  5  6  7  8  9 10 11 |
---------------+----------------------------------+-----
Axes           | 4 5 7 9 11 14 15 | 15.4
Fighting       | 4 8 10 | 10.5
Armour         | 3 7 10 | 10.1
Shields        | 5 11 | 11.3
Dodging        | |  2.2

Action                     |  1- 3 |  4- 6 |  7- 9 | 10-12 || total
---------------------------+-------+-------+-------+-------++-------
  Melee: Hand axe          |    99 |    78 |   234 |   207 ||   618
         Headbutt          |    10 |     9 |    36 |    96 ||   151
         Punch             |     1 |       |       |       ||     1
         War axe           |       |       |       |   178 ||   178
  Throw: Stone             |       |     9 |    30 |     2 ||    41
 Invoke: Trog's Hand       |       |     3 |     5 |     7 ||    15
         Berserk           |       |     1 |     4 |     8 ||    13
         Brothers in Arms  |       |       |       |     1 ||     1
  Evoke: Wand              |       |       |     1 |     2 ||     3
    Use: Scroll            |       |     9 |     6 |    13 ||    28
         Potion            |       |       |     1 |       ||     1
 Armour: Animal skin       |     8 |       |       |       ||     8
         Ring mail         |    20 |     7 |       |       ||    27
         Scale mail        |       |     6 |       |       ||     6
         Plate armour      |       |     1 |    76 |   185 ||   262
  Dodge: Dodged            |    43 |    18 |    47 |    76 ||   184
  Block: Kite shield       |    11 |    12 |    30 |   106 ||   159
